 Dungeon Crawl Stone Soup version 0.21-a0-531-gacddea6 (webtiles) character file.

284 Amnesiac the Shield-Bearer (level 6, 0/72 HPs)
             Began as a Formicid Fighter on Dec 13, 2017.
             Slain by Goblin1989's ghost (1 damage)
             ... on level 5 of the Dungeon.
             The game lasted 00:03:23 (1896 turns).

Amnesiac the Shield-Bearer (Formicid Fighter)       Turns: 1896, Time: 00:03:25

Health: 0/72       AC: 23    Str: 23    XL:     6   Next: 54%
Magic:  6/6        EV:  2    Int:  7    God:
Gold:   44         SH: 10    Dex: 10    Spells: 5/5 levels left

rFire    . . .     SeeInvis .   a - +0 quarterstaff
rCold    . . .     Gourm    .   c - +0 shield
rNeg     + + +     Faith    .   (armour currently unavailable)
rPois    +         Spirit   .   (helmet unavailable)
rElec    .         Reflect  .   (cloak currently unavailable)
rCorr    .         Harm     .   (gloves currently unavailable)
MR       .....                  (boots currently unavailable)
Stlth    +.........             (no amulet)
HPRegen  0.22/turn              (no ring)
MPRegen  0.10/turn              (no ring)

@: tree-form
A: permanent stasis, dig shafts and tunnels, four strong arms
a: no special abilities


You were on level 5 of the Dungeon.
You were near starving.
You were a tree.
You visited 1 branch of the dungeon, and saw 5 of its levels.

You collected 44 gold pieces.

Inventory:

Hand Weapons
 a - a +0 quarterstaff (weapon)
 g - a +0 hunting sling
Missiles
 h - 58 sling bullets
Armour
 c - a +0 shield (worn)
 n - a +0 chain mail (melded)
Scrolls
 k - 2 scrolls of remove curse {!r, unknown}
 m - a scroll of fog {!r, unknown}
 q - 3 scrolls of identify {!r, unknown}
Potions
 b - a potion of lignification {!q}
 d - a potion of might {!q}
 e - 2 potions of curing {!q, unknown}
 i - a potion of heal wounds {!q, unknown}
Comestibles
 f - 2 bread rations
 j - 2 meat rations
 l - a fruit
 o - a royal jelly


   Skills:
 + Level 4.3 Fighting
 - Level 2.0 Staves
 + Level 4.3 Armour
 + Level 3.6 Dodging
 + Level 4.7 Shields


You had 5 spell levels left.
You didn't know any spells.

Dungeon Overview and Level Annotations

Branches:
Dungeon (5/15)
 Temple: D:4-7

Altars:
Makhleb
Ru
Wu Jian
Yredelemnul

Shops:
D:4 (

Annotations:
D:5 Goblin1989's ghost, novice GnTm


Innate Abilities, Weirdness & Mutations

You cannot be hasted, slowed, berserked, paralysed or teleported.
You can dig through walls and to a lower floor.
Your four strong arms can wield two-handed weapons with a shield.
((You have a pair of large antennae on your head. (SInv)))


Message History

Goblin1989's ghost is moderately damaged.
You hear the slow rusting of a very distant drain.
Goblin1989's ghost stares at you.
Goblin1989's ghost hits you but does no damage.
You sock Goblin1989's ghost!
Goblin1989's ghost is moderately damaged.
You block Goblin1989's ghost's attack.
You sock Goblin1989's ghost!
Goblin1989's ghost is severely damaged.
Goblin1989's ghost hits you.
You miss Goblin1989's ghost.
Goblin1989's ghost is severely damaged.
You block Goblin1989's ghost's attack. Goblin1989's ghost barely misses you.
You hit Goblin1989's ghost but do no damage.
Goblin1989's ghost is severely damaged.
Goblin1989's ghost hits you!
* * * LOW HITPOINT WARNING * * *
You hit Goblin1989's ghost but do no damage.
Goblin1989's ghost is severely damaged.
Goblin1989's ghost hits you.
* * * LOW HITPOINT WARNING * * *
You hit Goblin1989's ghost.
Goblin1989's ghost is severely damaged.
You block Goblin1989's ghost's attack.
You closely miss Goblin1989's ghost.
Goblin1989's ghost is severely damaged.
Goblin1989's ghost hits you!
* * * LOW HITPOINT WARNING * * *
You hit Goblin1989's ghost.
Goblin1989's ghost is severely damaged.
Goblin1989's ghost hits you.
* * * LOW HITPOINT WARNING * * *
You block Goblin1989's ghost's attack.
You hit Goblin1989's ghost but do no damage.
Goblin1989's ghost is severely damaged.
You block Goblin1989's ghost's attack.
Eat one of 2 chunks of flesh? (ye/n/q)
Okay, then.
Okay, then.
Found a stone staircase leading down.
Goblin1989's ghost ripples.
You are near starving!
Really quaff
b - 2 bubbling silvery potions {!q}?
It was a potion of lignification {!q}.
You turn into a tree.
Your roots penetrate the ground.
Goblin1989's ghost hits you but does no damage.
You hit Goblin1989's ghost.
Goblin1989's ghost is severely damaged.
Goblin1989's ghost hits you but does no damage.
Goblin1989's ghost barely misses you.
You hit Goblin1989's ghost but do no damage.
Goblin1989's ghost is severely damaged.
Goblin1989's ghost hits you but does no damage.
You miss Goblin1989's ghost.
Goblin1989's ghost is severely damaged.
Goblin1989's ghost hits you!
* * * LOW HITPOINT WARNING * * *
You hit Goblin1989's ghost but do no damage.
Goblin1989's ghost is severely damaged.
You block Goblin1989's ghost's attack.
You hit Goblin1989's ghost but do no damage.
Goblin1989's ghost is severely damaged.
Goblin1989's ghost hits you.
You die...

### ##### ###.#
#<#.#### ...# #.#.....
###.############.#.####
#..h..hh%†.............
#.#h############.#.###.
#.# ##########.#.# #.
#.#.###........hh#.###.
#..hhW♣..........'.....
#.#####..........#.#.#.
..> ...............#.#.
### #######.########.#.
#..# #.#. ##.# #.#. .
#.#. #. #.#. #.#


You could see Goblin1989's ghost and 2 jackals.

Vanquished Creatures
  A bullfrog zombie (D:5)
  A bullfrog skeleton (D:4)
  A hound (D:4)
  An orc priest (D:3)
  An orc wizard (D:2)
  A worker ant (D:4)
  A hound skeleton (D:5)
  A howler monkey zombie (D:4)
  5 adders
  An adder skeleton (D:4)
  A worm (D:2)
  3 leopard geckos
  2 orcs (D:2)
  3 bats
  2 giant cockroaches
  4 goblins (D:2)
  3 hobgoblins (D:2)
  4 jackals
  4 kobolds
  A quokka (D:4)
  A quokka skeleton (D:4)
  4 rats
46 creatures vanquished.

Notes
Turn   | Place    | Note
-------+----------+-------------------------------------------
     0 | D:1      | Amnesiac the Formicid Fighter began the quest for the Orb.
     0 | D:1      | Reached XP level 1. HP: 18/18 MP: 1/1
    24 | D:1      | Reached skill level 1 in Dodging
    29 | D:1      | Reached XP level 2. HP: 20/24 MP: 2/2
   146 | D:2      | Found a basalt altar of Yredelemnul.
   257 | D:2      | Reached XP level 3. HP: 16/29 MP: 3/3
   405 | D:2      | Reached XP level 4. HP: 31/35 MP: 4/4
   422 | D:2      | Found an ornate altar of the Wu Jian Council.
   422 | D:2      | Found a sacrificial altar of Ru.
   732 | D:3      | Reached XP level 5. HP: 24/42 MP: 5/5
  1069 | D:4      | Found Zidghit's Weapon Emporium.
  1257 | D:4      | Reached XP level 6. HP: 47/48 MP: 6/6
  1264 | D:4      | Found a burning altar of Makhleb.
  1779 | D:5      | Entered Level 5 of the Dungeon
  1779 | D:5      | Noticed a phantom
  1835 | D:5      | Noticed Goblin1989's ghost (novice GnTm)
  1894 | D:5      | HP: 1/72 [Goblin1989's ghost (7)]
  1896 | D:5      | Slain by Goblin1989's ghost

Vault maps used:
D:1:      minmay_arrival_up_and_down, nemelex_diamond_rough_becter
D:2:      grunt_temple_overflow_open, minmay_tetromino_i4
D:4:      serial_shops, nicolae_shop_statue_plus, lemuel_tele_altar
D:5:      minmay_temple_entry_junction, portal_sewer_entry_a, first_bread

Skill      XL: |  1  2  3  4  5 |
---------------+----------------+-----
Dodging        | 1 2 3 |  3.6
Shields        | 4 |  4.7
Fighting       | 4 |  4.3
Armour         | 4 |  4.3
Staves         | |  2.0

Action                   |  1- 3 |  4- 6 || total
-------------------------+-------+-------++-------
Melee: Quarterstaff      |    47 |   168 ||   215
  Use: Potion            |       |     1 ||     1
  Eat: Chunk             |       |     2 ||     2
Armor: Scale mail        |    23 |    10 ||    33
       Chain mail        |       |    53 ||    53
       Skin              |       |     3 ||     3
Dodge: Dodged            |    22 |    44 ||    66
Block: Shield            |    28 |    90 ||   118

Table legend:
 A = Spawn XP
 B = Non-spawn XP
 C = Spawn XP percentage of total XP
 D = Spawn monster count
 E = Non-spawn monster count
 F = Spawn count percentage of total count
 G = Total turns spent on level
                    A         B        C        D         E        F      G
               +---------+---------+-------+---------+---------+-------+---------
         Total |       0 |     406 |   0.0 |       0 |      46 |   0.0 |  1896
               +---------+---------+-------+---------+---------+-------+---------
           D:1 |       0 |       9 |   0.0 |       0 |       5 |   0.0 |    80
           D:2 |       0 |     104 |   0.0 |       0 |      23 |   0.0 |   637
           D:3 |       0 |      43 |   0.0 |       0 |       3 |   0.0 |   116
           D:4 |       0 |     182 |   0.0 |       0 |      11 |   0.0 |   946
           D:5 |       0 |      68 |   0.0 |       0 |       4 |   0.0 |   117
               +---------+---------+-------+---------+---------+-------+---------
